 Dungeon Crawl Stone Soup version 0.29.1-15-g9cfb28693d (webtiles) character file.

Game seed: 5373392615317744844

186 venomsnake the Trooper (level 5, -2/48 HPs)
             Began as a Minotaur Fighter on Mar 25, 2023.
             Killed from afar by an orc wizard (4 damage)
             ... with a magic dart
             ... on level 4 of the Dungeon.
             The game lasted 00:09:47 (2717 turns).

venomsnake the Trooper (Minotaur Fighter)           Turns: 2717, Time: 00:09:47

Health: -2/48      AC:  9    Str: 23    XL:     5   Next: 38%
Magic:  4/4        EV:  9    Int:  5    God:
Gold:   200        SH:  6    Dex:  9    Spells: 4/4 levels left

rFire   . . .      SeeInvis .   a - +0 trident
rCold   . . .      Faith    .   i - +2 buckler
rNeg    . . .      Spirit   .   b - +0 scale mail
rPois   .          Reflect  .   (helmet restricted)
rElec   .          Harm     .   p - +0 cloak
rCorr   .          Rampage  .   (no gloves)
Will    .....                   s - +0 pair of boots
Stlth   ..........              (no amulet)
HPRegen 0.16/turn               (no ring)
MPRegen 0.09/turn               (no ring)

@: no status effects
A: horns 2, retaliatory headbutt
a: no special abilities


You were on level 4 of the Dungeon.
You visited 1 branch of the dungeon, and saw 4 of its levels.

You collected 200 gold pieces.

Inventory:

Hand Weapons
 a - a +0 trident (weapon)
Missiles
 j - a throwing net (quivered)
Armour
 b - a +0 scale mail (worn)
 i - a +2 buckler (worn)
 p - a +0 cloak (worn)
 s - a +0 pair of boots (worn)
Scrolls
 c - a scroll of vulnerability {unknown}
 f - 5 scrolls of identify {unknown}
 g - a scroll of enchant weapon {unknown}
 k - a scroll of enchant armour {unknown}
 l - 2 scrolls of teleportation {unknown}
 m - a scroll of poison {unknown}
 q - a scroll of torment {unknown}
 r - a scroll of fog {unknown}
 t - a scroll of noise {unknown}
Potions
 d - a potion of might
 e - a potion of curing {unknown}
 h - 2 potions of flight {unknown}
 n - a potion of mutation {unknown}
 o - a potion of magic {unknown}
 u - a potion of ambrosia {unknown}


   Skills:
 * Level 5.5 Fighting
 + Level 3.6 Polearms
 + Level 4.6 Armour
 + Level 4.5 Shields


You had 4 spell levels left.
You didn't know any spells.
Your spell library was empty.

Dungeon Overview and Level Annotations

Branches:
Dungeon (4/15)             Temple (0/1) D:4

Altars:
Ashenzari
Elyvilon
Nemelex Xobeh

Shops:
D:4 (

Annotations:
D:1 2 transporters


Innate Abilities, Weirdness & Mutations

You have a pair of horns on your head.
You reflexively headbutt those who attack you in melee.


Message History

You see here an iguana corpse.
You open the door.
An orc wizard, an orc priest and 2 orcs come into view.
The orc priest is wielding a +1 hand axe of electrocution.
The orc wizard shouts!
The orc priest shouts!
The orc shouts! x2
The orc priest invokes the aid of Beogh against you.
Beogh smites you!
Found a scroll labelled SOGGES DOASM.
Reach: a) +0 trident
Press: ? - help, Dir - move target, f - orc wizard
Aim: an orc wizard, wielding a +0 dagger and wearing a +0 robe (about 53% to evade your +0 trident)
You reach to attack!
You closely miss the orc wizard.
The orc priest invokes the aid of Beogh against you.
Pain shoots through your body!
The orc priest hits you with a +1 hand axe of electrocution.
The orc wizard barely misses you. The orc closely misses you.
There is an open door here.
You closely miss the orc wizard. The orc priest closely misses you.
The orc wizard hits you with a +0 dagger.
You block the orc's attack.
You closely miss the orc wizard. You headbutt the orc wizard.
The orc wizard is moderately wounded.
The orc priest hits you but does no damage.
The orc wizard barely misses you. You furiously retaliate!
You headbutt the orc wizard. The orc hits you with a +0 club.
* * * LOW HITPOINT WARNING * * *
You hit the orc wizard. Your headbutt misses the orc wizard.
The orc wizard is almost dead.
The orc priest hits you with a +1 hand axe of electrocution.
* * * LOW HITPOINT WARNING * * *
You are electrocuted!
* * * LOW HITPOINT WARNING * * *
The orc wizard closely misses you. The orc hits you but does no damage.
You hit the orc wizard but do no damage.
You headbutt the orc wizard, but do no damage.
The orc wizard is almost dead.
The orc priest hits you but does no damage.
The orc wizard points at you and mumbles some strange words.
The magic dart hits you.
You die...

.......
####### #
#######+##
#########
.......?.#
.........
.........#
#########
.......o.#
#
......ooo#
# #@# #
#######.##
#
.........#
#
.........#
#
.........#
#####
.........#
#....
#######.##
#.... #.#
#.... #.#
#..<.


You could see an orc priest, an orc wizard and 2 orcs.

Vanquished Creatures
  An iguana (D:4)
  3 orc wizards
  2 adders
  2 worms
  2 dart slugs (D:3)
  7 orcs
  7 endoplasms
  3 giant cockroaches (D:1)
  6 goblins
  3 hobgoblins
  4 jackals (D:1)
  3 kobolds (D:3)
  2 quokkas
  10 ball pythons
  3 bats
  4 frilled lizards
  4 rats
66 creatures vanquished.

Notes
Turn   | Place    | Note
-------+----------+-------------------------------------------
     0 | D:1      | venomsnake the Minotaur Fighter began the quest for the
                  | Orb.
     0 | D:1      | Reached XP level 1. HP: 19/19 MP: 0/0
   191 | D:1      | Reached XP level 2. HP: 27/27 MP: 1/1
   196 | D:1      | Reached skill level 4 in Fighting
   468 | D:1      | Found a faded altar of an unknown god.
   748 | D:2      | Reached XP level 3. HP: 31/32 MP: 2/2
   866 | D:2      | Found a sparkling altar of Nemelex Xobeh.
  1269 | D:2      | Reached XP level 4. HP: 33/41 MP: 3/3
  1881 | D:3      | Reached skill level 5 in Fighting
  1887 | D:3      | Found a white marble altar of Elyvilon.
  1893 | D:3      | Found a broken altar of Ashenzari.
  2236 | D:4      | Found a staircase to the Ecumenical Temple.
  2280 | D:4      | Found Bassia's Antique Weapon Emporium.
  2317 | D:4      | Reached XP level 5. HP: 30/48 MP: 4/4
  2716 | D:4      | HP: 2/48 [orc priest/+1 hand axe of electrocution (9)]
  2717 | D:4      | Killed from afar by an orc wizard

Illustrated notes

Levels and vault maps discovered:
D:1:      spicycebolla_arrival_transporter_tutorial, layout_basic,
          shapermc_ecumenical_altar_notcrosses
D:2:      layout_loops_ring, basic_altar
D:3:      layout_rooms, jmf_multi_god_temple
D:4:      layout_basic, minmay_temple_entry_trees, serial_shops, shop_fountains

Skill      XL: |  1  2  3  4 |
---------------+-------------+-----
Fighting       | 4 5 |  5.5
Armour         | 4 |  4.6
Shields        | 4 |  4.5
Polearms       | 3 |  3.6

Action                   |  1- 3 |  4- 6 || total
-------------------------+-------+-------++-------
Melee: Trident           |    80 |   117 ||   197
       Headbutt          |     5 |    16 ||    21
Armor: Scale mail        |    35 |    36 ||    71
Dodge: Dodged            |    24 |    38 ||    62
Block: Buckler           |    17 |    22 ||    39
